 Dungeon Crawl Stone Soup version 0.31-a0-188-g5e087ee2ca (webtiles) character file.

Game seed: 5466439254456029969

46 qw the Shooter (level 3, -9/20 HPs)
             Began as a Deep Elf Hunter on June 23, 2023.
             Was an Initiate of Okawaru.
             Mangled by a gnoll
             ... wielding a +2 heavy spear
              (11 damage)
             ... on level 3 of the Dungeon.
             The game lasted 00:00:29 (1393 turns).

qw the Shooter (Deep Elf Hunter)                    Turns: 1393, Time: 00:00:30

Health: -9/20      AC:  4    Str: 10    XL:     3   Next: 46%
Magic:  5/5        EV: 12    Int: 13    God:    Okawaru [......]
Gold:   127        SH:  0    Dex: 18    Spells: 2/2 levels left

rFire   . . .        Y - +0 shortbow
rCold   . . .        (shield currently unavailable)
rNeg    . . .        c - +0 leather armour
rPois   .            h - +0 helmet
rElec   .            (no cloak)
rCorr   .            (no gloves)
SInv    .            (no boots)
Will    .....        (no amulet)
Stlth   ++           (no ring)
HPRegen 0.23/turn    (no ring)
MPRegen 0.09/turn

%: no passive effects
@: no status effects
A: no striking features
a: Renounce Religion


You were on level 3 of the Dungeon.
You worshipped Okawaru.
Okawaru was noncommittal.
You visited 1 branch of the dungeon, and saw 3 of its levels.

You collected 127 gold pieces.


   Skills:
 - Level 1.5 Fighting
 + Level 7.0 Ranged Weapons
 - Level 2.4 Dodging
 - Level 1.2 Stealth


You had 2 spell levels left.
You didn't know any spells.
Your spell library was empty.

Inventory:

Hand Weapons
 Y - a +0 shortbow (weapon)
Armour
 c - a +0 leather armour (worn)
 h - a +0 helmet (worn)
Scrolls
 d - a scroll of identify
Potions
 a - a potion of might {unknown}
 b - a potion of enlightenment {unknown}
 e - a potion of lignification {unknown}
 k - a potion of haste {unknown}

Dungeon Overview and Level Annotations

Branches:
Dungeon (3/15)

Altars:
Okawaru


Message History

Okawaru accepts your kill.
A gnoll comes into view. It is wielding a +0 whip.
You shoot an arrow. The gnoll shouts!
The arrow hits the hobgoblin.
The hobgoblin is heavily wounded.
A gnoll comes into view. It is wielding a +2 heavy spear.
You shoot an arrow. The arrow hits the gnoll.
The gnoll is moderately wounded.
You hear an angry hiss.
A frilled lizard comes into view.
You shoot an arrow. The arrow hits the frilled lizard!
You kill the frilled lizard!
Okawaru accepts your kill.
You shoot an arrow. The arrow hits the hobgoblin.
You kill the hobgoblin!
Okawaru accepts your kill.
You shoot an arrow. The arrow barely misses the gnoll. x2
You shoot an arrow. The arrow hits the gnoll.
The gnoll is lightly wounded.
A hobgoblin comes into view.
You shoot an arrow. The hobgoblin shouts!
The arrow hits the gnoll.
The gnoll is severely wounded.
The gnoll hits you from afar with a +2 heavy spear.
You shoot an arrow.
The arrow hits the gnoll but does no damage.
The gnoll is lightly wounded.
You shoot an arrow.
The arrow hits the gnoll but does no damage.
The gnoll is lightly wounded.
The gnoll hits you from afar with a +2 heavy spear.
The gnoll hits you with a +0 whip!
You shoot an arrow.
The arrow hits the gnoll but does no damage.
The gnoll is lightly wounded.
The gnoll hits you from afar with a +2 heavy spear!
Ouch! That really hurt!
You die...

#.#.....#
#####.#.#...#
............#
......#.##..#
####.........#
.....##....##.
######%.#........#
..................
#.....g@#...#.....
#.#####g###.#.####
g.# .... %...
...## ....# ####
.....# ..##### ...


You could see 3 gnolls.

Vanquished Creatures
  An adder (D:2)
  3 worms (D:2)
  A dart slug (D:2)
  6 bats
  5 hobgoblins
  2 kobolds (D:2)
  A quokka (D:2)
  6 ball pythons
  3 frilled lizards
28 creatures vanquished.

Notes
Turn   | Place    | Note
-------+----------+-------------------------------------------
     0 | D:1      | qw the Deep Elf Hunter began the quest for the Orb.
     0 | D:1      | Reached XP level 1. HP: 12/12 MP: 3/3
     0 | D:1      | 0 ||| qw: Version: 0.3-a-9-g12657ce
     0 | D:1      | 0 ||| qw: Game counter: 3630
     0 | D:1      | 0 ||| qw: Always use a shield: true
     0 | D:1      | 0 ||| qw: God list: Okawaru
     0 | D:1      | 0 ||| qw: Allow faded altars: false
     0 | D:1      | 0 ||| qw: Do Orc after D:15 true
     0 | D:1      | 0 ||| qw: Do second Lair branch before Depths: true
     0 | D:1      | 0 ||| qw: Lair rune preference: random
     0 | D:1      | 0 ||| qw: Plans: Normal
     0 | D:1      | 0 ||| PLANNING D:1-11
   686 | D:1      | 686 ||| UPGRADING to +0 helmet.
   691 | D:1      | 691 ||| UPGRADING to amulet of guardian spirit.
   696 | D:1      | 696 ||| READING 2 scrolls labelled FESAER TAVAI.
   697 | D:1      | 697 ||| READING scroll labelled ZIEKHA DICZU.
   698 | D:1      | 698 ||| READING scroll labelled BUZXILU MAOCH.
   699 | D:1      | 699 ||| READING scroll labelled USEZAL XOTUHUSSO.
   700 | D:1      | 700 ||| DROPPING scroll of blinking.
   701 | D:1      | 701 ||| DROPPING scroll of butterflies.
   731 | D:2      | Reached skill level 6 in Ranged Weapons
   731 | D:2      | Reached XP level 2. HP: 16/16 MP: 4/4
   982 | D:2      | Found an iron altar of Okawaru.
   983 | D:2      | 983 ||| PLANNING OKAWARU WORSHIP
  1019 | D:2      | Became a worshipper of Warmaster Okawaru
  1020 | D:2      | 1020 ||| PLANNING D:1-11
  1020 | D:2      | 1020 ||| REMOVING amulet of guardian spirit.
  1192 | D:2      | Reached XP level 3. HP: 10/20 MP: 5/5
  1363 | D:2      | 1363 ||| DROPPING amulet of guardian spirit.
  1371 | D:3      | Reached skill level 7 in Ranged Weapons
  1392 | D:3      | HP: 2/20 [gnoll/+0 whip (7)]
  1393 | D:3      | Mangled by a gnoll

Levels and vault maps discovered:
D:1:      dpeg_arrival_refuge, layout_basic
D:2:      layout_basic, basic_altar, st_stairs_6
D:3:      layout_basic, mainiacjoe_overflow_alcove_1, gammafunk_ghost_smash,
          serial_corexii_hall, corexii_hall_statues_i, chequers_hall_statues_y,
          nicolae_ecumenical_snake_handling

Skill      XL: |  1  2  3 |
---------------+----------+-----
Ranged Weapons | 6 7 |  7.0
Fighting       | |  1.5
Dodging        | |  2.4
Stealth        | |  1.2

Action                     || total
---------------------------++-------
   Fire: Shortbow          ||    95
    Use: Scroll            ||     4
 Armour: Leather armour    ||    11
  Dodge: Dodged            ||    12

Table legend:
 A = Non-vault XP
 B = Vault XP
 C = Vault XP percentage of total XP
 D = Non-vault monster count
 E = Vault monster count
 F = Vault count percentage of total count
                 A         B        C        D         E       F
            +---------+---------+-------+---------+---------+-------
      Total |      62 |       5 |   7.5 |      27 |       1 |   3.6
            +---------+---------+-------+---------+---------+-------
        D:1 |       8 |       0 |   0.0 |       6 |       0 |   0.0
        D:2 |      48 |       5 |   9.4 |      17 |       1 |   5.6
        D:3 |       6 |       0 |   0.0 |       4 |       0 |   0.0
            +---------+---------+-------+---------+---------+-------
